 Dungeon Crawl Stone Soup version 0.20.0-15-g7f486f2 (webtiles) character file.

1127 manyhoops the Carver (level 8, -2/61 HPs)
             Began as a Grey Draconian Gladiator on June 13, 2017.
             Was an Initiate of Makhleb.
             Shot with an arrow by a centaur (6 damage)
             ... on level 6 of the Dungeon.
             The game lasted 00:07:31 (4984 turns).

manyhoops the Carver (Grey Draconian Gladiator)     Turns: 4984, Time: 00:07:31

Health: -2/61      AC: 14    Str: 16    XL:     8   Next: 13%
Magic:  8/8        EV: 13    Int: 10    God:    Makhleb [......]
Gold:   238        SH:  0    Dex: 14    Spells: 7/7 levels left

rFire    . . .     SeeInvis .   l - +0 long sword (holy)
rCold    . . .     Gourm    .   (no shield)
rNeg     . . .     Faith    .   (armour unavailable)
rPois    .         Spirit   .   b - +0 hat
rElec    .         Reflect  .   j - +0 cloak
rCorr    .         Harm     .   t - +0 pair of gloves
MR       .....                  i - +0 pair of boots
Stlth    +.........             (no amulet)
Regen    0.2/turn               (no ring)
MPRegen  0.2/turn               (no ring)

@: no status effects
A: walk through water, unfitting armour, unbreathing, cold-blooded, AC +11
a: Renounce Religion


You were on level 6 of the Dungeon.
You worshipped Makhleb.
Makhleb was noncommittal.
You were very hungry.

You visited 2 branches of the dungeon, and saw 7 of its levels.

You collected 238 gold pieces.

Inventory:

Hand Weapons
 e - a +1 dagger of draining
 l - a +0 long sword of holy wrath (weapon)
Missiles
 c - 3 throwing nets (quivered)
Armour
 b - a +0 hat (worn)
 i - a +0 pair of boots (worn)
 j - a +0 cloak (worn)
 t - a +0 pair of gloves (worn)
Wands
 p - a wand of polymorph (13/24)
Scrolls
 f - 3 scrolls of teleportation
 h - a scroll of enchant weapon
 n - a scroll of recharging
 q - a scroll of enchant armour
 s - a scroll of remove curse
Potions
 g - a potion of might {unknown}
 k - a potion of brilliance {unknown}
 m - a potion of curing
 o - a potion of resistance {unknown}
 r - 2 potions of flight
Comestibles
 a - 4 royal jellies
 d - 4 bread rations


   Skills:
 - Level 2.1 Fighting
 + Level 10.1 Long Blades
 - Level 1.7 Throwing
 - Level 2.6 Dodging


You had 7 spell levels left.
You didn't know any spells.

Dungeon Overview and Level Annotations

Branches:
Dungeon (6/15)             Temple (1/1) D:4

Altars:
Cheibriados
Dithmenos
Kikubaaqudgha
Makhleb
Okawaru
Trog
Uskayaw
Zin
The Shining One


Innate Abilities, Weirdness & Mutations

You can walk through water.
Your dull iron-grey scales are very hard. (AC +11)
You cannot fit into any form of body armour.
You can survive without breathing.
You are cold-blooded and may be slowed by cold attacks.


Message History

The centaur unwields an uncursed shortbow.
The centaur barely misses you.
The centaur wields an uncursed shortbow.
The centaur shoots an arrow.
The arrow hits you but does no damage.
The centaur wields a shortbow.
The centaur shoots an arrow.
The arrow barely misses you.
You see here an arrow.
The centaur shoots an arrow.
The arrow hits you!
You see here an arrow.
The ogre shouts!
The centaur shoots an arrow.
The arrow hits you.
You see here an arrow.
The centaur shoots an arrow.
The arrow hits you!
* * * LOW HITPOINT WARNING * * *
You see here an arrow.
The centaur shoots an arrow.
The arrow hits you!
* * * LOW HITPOINT WARNING * * *
You see here an arrow.
The centaur shoots an arrow.
The arrow hits you.
You die...

#...........###
#.............#
#.............#
#...........# ##
#...........## #.
#............. #.
##............ #.
#............. #.
#....@.......#
##.##((((.........
#.?cc..........###
#..###.....(....#
## ##.........#
#..O(.....#
#.........#
#.........#
#.....<...#


You could see an ogre and 2 centaurs.

Vanquished Creatures
  A sky beast (D:6)
  2 ogres (D:4)
  3 centaurs (D:5)
  2 scorpions
  A gnoll shaman (D:4)
  2 centaur skeletons
  2 hounds (D:4)
  3 worker ants (D:4)
  2 iguanas
  A hound skeleton (D:4)
  8 gnolls
  6 adders
  3 oozes
  An adder skeleton (D:5)
  4 worms
  6 dart slugs
  4 leopard geckos
  3 orcs (D:3)
  A ball python (D:2)
  8 giant cockroaches
  6 goblins
  10 hobgoblins
  5 jackals
  8 bats
  5 frilled lizards
  5 kobolds
  6 rats
108 creatures vanquished.

Notes
Turn   | Place    | Note
-------+----------+-------------------------------------------
     0 | D:1      | manyhoops the Draconian Gladiator began the quest for the Orb.
     0 | D:1      | Reached XP level 1. HP: 17/17 MP: 1/1
   323 | D:1      | Reached XP level 2. HP: 24/24 MP: 2/2
   603 | D:1      | Reached skill level 4 in Long Blades
   640 | D:1      | Reached XP level 3. HP: 24/29 MP: 3/3
  1398 | D:2      | Reached XP level 4. HP: 36/36 MP: 4/4
  1437 | D:2      | Reached skill level 5 in Long Blades
  1829 | D:2      | Reached XP level 5. HP: 28/41 MP: 5/5
  2171 | D:3      | Reached skill level 6 in Long Blades
  3192 | D:4      | Reached XP level 6. HP: 48/48 MP: 6/6
  3321 | D:4      | Reached skill level 7 in Long Blades
  3523 | D:4      | Found a snail-covered altar of Cheibriados.
  3714 | D:4      | Found a hide-covered altar of Uskayaw.
  3714 | D:4      | Found an iron altar of Okawaru.
  3715 | D:4      | Found a shadowy altar of Dithmenos.
  3720 | D:4      | Reached skill level 8 in Long Blades
  3720 | D:4      | Your scales start taking on a dull iron-grey colour.
  3720 | D:4      | Reached XP level 7. HP: 55/55 MP: 7/7
  3720 | D:4      | Gained mutation: You can survive without breathing. [Grey Draconian growth]
  3756 | D:4      | Found a staircase to the Ecumenical Temple.
  4005 | D:5      | Entered Level 5 of the Dungeon
  4163 | D:5      | Reached skill level 9 in Long Blades
  4512 | D:5      | Reached XP level 8. HP: 61/61 MP: 8/8
  4862 | Temple   | Entered the Ecumenical Temple
  4882 | Temple   | Became a worshipper of Makhleb the Destroyer
  4970 | D:6      | Reached skill level 10 in Long Blades
  4984 | D:6      | Shot with an arrow by a centaur

Skill      XL: |  1  2  3  4  5  6  7  8 |
---------------+-------------------------+-----
Long Blades    | 4 5 6 8 9 10 | 10.1
Fighting       | |  2.1
Throwing       | |  1.7
Dodging        | |  2.6

Action                   |  1- 3 |  4- 6 |  7- 9 || total
-------------------------+-------+-------+-------++-------
Melee: Long sword        |   109 |   195 |    81 ||   385
       Tailslap          |    18 |    23 |    10 ||    51
  Use: Scroll            |     4 |     2 |     1 ||     7
       Potion            |       |     3 |     1 ||     4
 Stab: Sleeping          |       |     2 |       ||     2
       Invisible         |       |     4 |       ||     4
  Eat: Chunk             |     2 |     7 |     3 ||    12
Armor: Skin              |    38 |    58 |    35 ||   131
Dodge: Dodged            |    92 |   129 |    80 ||   301
       Rpst.: Long sword |    21 |    46 |    25 ||    92
